 Dungeon Crawl Stone Soup version 0.30-a0-374-g95c0257040 (webtiles) character file.

Game seed: 17347909857408406230

283461 Lobster4 the Convoker (level 20, -5/189 HPs)
             Began as a Hill Orc Summoner on Nov 26, 2022.
             Was a High Priest of Sif Muna.
             Killed from afar by an ironbound thunderhulk (13 damage)
             ... with a bolt of lightning
             ... on level 1 of the Vaults on Nov 27, 2022.
             The game lasted 04:52:07 (67047 turns).

Lobster4 the Convoker (Hill Orc Summoner)          Turns: 67047, Time: 04:52:07

Health: -5/189     AC: 25    Str: 20    XL:     20   Next: 56%
Magic:  27/34      EV: 11    Int: 36    God:    Sif Muna [*****.]
Gold:   3853       SH: 18    Dex: 11    Spells: 9/39 levels left

rFire   + + .      SeeInvis .    b - +7 sling of the Valley {freeze, rElec Stlth+}
rCold   + + .      Faith    .    r - +2 shield of Resistance {rF++ rC++ Will++}
rNeg    + . .      Spirit   .    G - +4 ring mail {rPois}
rPois   +          Reflect  +    s - +2 helmet
rElec   +          Harm     .    o - +3 cloak of the New World {Int+4}
rCorr   +          Rampage  .    S - +2 pair of gloves
Will    ++++.                    c - +1 pair of boots
Stlth   ++........               l - amulet of reflection
HPRegen 0.51/turn                g - ring of Qiab {rCorr Str+6 Int+3 Slay+2}
MPRegen 0.24/turn                P - ring of Ticiry {rN+ Will+ Int+8}

@: no status effects
A: no striking features
}: 2/15 runes: decaying, serpentine
a: Renounce Religion, Channel Magic, Forget Spell, Divine Exegesis


You were on level 1 of the Vaults.
You worshipped Sif Muna.
Sif Muna was extremely pleased with you.
You visited 8 branches of the dungeon, and saw 35 of its levels.
You also visited: Trove, Ice Cave and Volcano.

You collected 5329 gold pieces.
You spent 1476 gold pieces at shops.

Inventory:

Hand Weapons
 a - the +10 spear "Loutaypucw" {spect, Dex+8 SInv}
   (You found it on level 5 of the Lair of Beasts)

   When its wielder attacks, the weapon's spirit leaps out and strikes again.
   The spirit shares a part of any damage it takes with its wielder.
   Dex:       It affects your dexterity (+8).
   SInv:      It lets you see invisible.
 b - the +7 sling of the Valley (weapon) {freeze, rElec Stlth+}
   (You bought it in a shop on level 2 of the Orcish Mines)

   Any ammunition fired from it freezes those it strikes, dealing additional
   cold damage.
   It can also slow down cold-blooded creatures.
   rElec:     It insulates you from electricity.
   Stlth:     It makes you more stealthy.
Armour
 c - a +1 pair of boots (worn)
 o - the +3 cloak of the New World (worn) {Int+4}
   (You found it on level 1 of the Snake Pit)

   Int:       It affects your intelligence (+4).
 p - a +3 ring mail of willpower
 r - the +2 shield of Resistance (worn) {rF++ rC++ Will++}
   (You took it off a deep elf high priest on level 3 of the Elven Halls)

   rF:        It greatly protects you from fire.
   rC:        It greatly protects you from cold.
   Will:      It greatly increases your willpower.
 s - a +2 helmet (worn)
 F - the -2 helmet of a Labyrinth {rPois rN+ Str-2}
   (You found it on level 4 of the Snake Pit)

   Str:       It affects your strength (-2).
   rPois:     It protects you from poison.
   rN:        It protects you from negative energy.
 G - a +4 ring mail of poison resistance (worn)
 S - a +2 pair of gloves (worn)
Jewellery
 g - the ring of Qiab (left hand) {rCorr Str+6 Int+3 Slay+2}
   (You found it on level 3 of the Dungeon)

   [ring of strength]

   Str:       It affects your strength (+6).
   Int:       It affects your intelligence (+3).
   Slay:      It affects your accuracy & damage with ranged weapons and melee
   (+2).
   rCorr:     It protects you from acid and corrosion.
 l - an amulet of reflection (around neck)
 P - the ring of Ticiry (right hand) {rN+ Will+ Int+8}
   (You found it in a treasure trove)

   [ring of willpower]

   Int:       It affects your intelligence (+8).
   rN:        It protects you from negative energy.
   Will:      It increases your willpower.
 T - a ring of poison resistance
 V - the ring "Nuhowaif" {Fire MP+9}
   (You found it in a treasure trove)

   [ring of fire]

   It enhances your fire magic.
   rF:        It protects you from fire.
   rC:        It makes you vulnerable to cold.
   MP:        It affects your magic capacity (+9).
Wands
 t - a wand of acid (15)
 u - a wand of digging (10)
 y - a wand of paralysis (32)
 I - a wand of iceblast (17)
 R - a wand of mindburst (7)
Scrolls
 h - 4 scrolls of poison
 i - a scroll of silence
 v - 15 scrolls of teleportation
 C - 2 scrolls of magic mapping
 E - 2 scrolls of fog
 K - a scroll of enchant armour
 L - 2 scrolls of immolation
 N - 19 scrolls of identify
 X - 3 scrolls of fear
Potions
 e - a potion of invisibility
 k - 7 potions of lignification
 m - 9 potions of brilliance
 n - 3 potions of ambrosia
 q - 6 potions of curing
 z - 6 potions of might
 B - 4 potions of magic
 H - 10 potions of flight
 O - 2 potions of resistance
 U - 2 potions of cancellation
Miscellaneous
 x - a lightning rod (4/4)
 A - a tin of tremorstones (2/2)
 W - a condenser vane
 Y - a phantom mirror


   Skills:
 + Level 18.8 Fighting
 - Level 5.9(7.0) Axes
 - Level 1.5(4.2) Maces & Flails
 - Level 4.1(5.7) Polearms
 - Level 2.8(3.7) Staves
 + Level 6.0 Ranged Weapons
 - Level 1.0 Throwing
 - Level 12.0 Armour
 - Level 6.0 Dodging
 - Level 2.0 Stealth
 + Level 11.8 Shields
 - Level 10.0 Spellcasting
 - Level 5.0 Conjurations
 - Level 3.0 Hexes
 * Level 20.3 Summonings
 - Level 3.0 Translocations
 - Level 4.0 Ice Magic
 - Level 5.0 Air Magic
 - Level 3.0 Earth Magic
 - Level 12.0 Invocations
 - Level 3.0 Evocations


You had 9 spell levels left.
You knew the following spells:

 Your Spells              Type           Power      Damage    Failure   Level
a - Magic Dart            Conj           100%       1d8       1%          1
b - Summon Small Mammal   Summ           100%       N/A       0%          1
c - Call Imp              Summ           100%       N/A       0%          2
d - Call Canine Familiar  Summ           100%       N/A       0%          3
e - Animate Armour        Summ/Erth      100%       N/A       1%          4
f - Summon Ice Beast      Ice/Summ       81%        N/A       1%          4
g - Summon Cactus Giant   Summ           52%        N/A       1%          6
h - Summon Guardian Gole  Hex/Summ       80%        N/A       1%          3
i - Blink                 Tloc           78%        N/A       3%          2
l - Summon Lightning Spi  Summ/Air       83%        N/A       1%          4

Your spell library contained the following spells:

 Spells                   Type           Power      Damage    Failure   Level
 Shock                    Conj/Air       100%       1d9       1%          1
 Slow                     Hex            100%       N/A       1%          1
 Momentum Strike          Conj/Tloc      92%        3d10      1%          2
 Summon Forest            Summ/Tloc      40%        N/A       1%          5
 Summon Mana Viper        Hex/Summ       80%        N/A       1%          5
 Monstrous Menagerie      Summ           52%        N/A       1%          7
 Summon Hydra             Summ           52%        N/A       1%          7
 Foxfire                  Conj/Fire      100%       2x1d9     2%          1
 Kiss of Death            Conj/Necr      100%       2d13      2%          1
 Ensorcelled Hibernation  Hex/Ice        86%        N/A       2%          2
 Poisonous Vapours        Pois/Air       72%        N/A       3%          2
 Hailstorm                Conj/Ice       50%        3d11      3%          3
 Dazzling Flash           Conj/Hex       92%        N/A       4%          3
 Ozocubu's Armour         Ice            46%        N/A       4%          3
 Cigotuvi's Dreadful Rot  Necr/Pois/Air  58%        N/A       5%          2
 Mephitic Cloud           Conj/Pois/Air  41%        N/A       5%          3
 Passwall                 Tmut/Erth      23%        N/A       6%          2
 Confusing Touch          Hex            39%        N/A       6%          3
 Gell's Gravitas          Tloc           39%        N/A       6%          3
 Lesser Beckoning         Tloc           78%        N/A       6%          3
 Portal Projectile        Hex/Tloc       78%        N/A       6%          3
 Teleport Other           Tloc           39%        N/A       6%          3
 Tukima's Dance           Hex            39%        N/A       6%          3
 Beastly Appendage        Tmut           36%        N/A       7%          1
 Sting                    Tmut/Pois      72%        1d6       7%          1
 Kindle Blastsparks       Fire/Tloc/Air  74%        2d16      8%          3
 Airstrike                Air            26%        2d(4-20)  9%          4
 Scorch                   Fire           36%        2d6       11%         2
 Sublimation of Blood     Necr           18%        N/A       11%         2
 Wereblood                Tmut           18%        N/A       11%         2
 Inner Flame              Hex/Fire       28%        N/A       12%         3
 Iskenderun's Mystic Bla  Conj/Tloc      46%        2d10      14%         4
 Cause Fear               Hex            19%        N/A       21%         4
 Leda's Liquefaction      Hex/Erth       19%        N/A       21%         4
 Manifold Assault         Tloc           39%        N/A       21%         4
 Passage of Golubria      Tloc           39%        N/A       21%         4
 Ignite Poison            Fire/Tmut/Pois 18%        N/A       22%         3
 Vampiric Draining        Necr           18%        2d7       22%         3
 Flame Wave               Conj/Fire      36%        2d10      26%         4
 Sticky Flame             Conj/Fire      36%        2d6       26%         4
 Arcjolt                  Conj/Air       26%        1d36      26%         5
 Iskenderun's Battlesphe  Conj           52%        2d10      26%         5
 Lightning Bolt           Conj/Air       26%        1d42      26%         5
 Ice Form                 Ice/Tmut       32%        N/A       30%         4
 Spellforged Servitor     Conj/Summ      41%        N/A       32%         7
 Anguish                  Hex/Necr       14%        N/A       36%         4
 Petrify                  Tmut/Erth      28%        N/A       36%         4
 Silence                  Hex/Air        23%        N/A       36%         5
 Metabolic Englaciation   Hex/Ice        21%        N/A       43%         5
 Animate Dead             Necr           18%        N/A       56%         4
 Dispel Undead            Necr           18%        3d11      56%         4
 Olgreb's Toxic Radiance  Pois           18%        N/A       56%         4
 Fireball                 Conj/Fire      18%        3d9       56%         5
 Haunt                    Necr/Summ      37%        N/A       67%         7
 Borgnjor's Vile Clutch   Necr/Erth      14%        N/A       71%         5
 Conjure Ball Lightning   Conj/Air       26%        3x3d7     80%         6
 Agony                    Necr           18%        N/A       89%         5
 Blade Hands              Tmut           9%         N/A       89%         5
 Iron Shot                Conj/Erth      23%        9d5       91%         6
 Dispersal                Tloc           19%        N/A       97%         6
 Starburst                Conj/Fire      18%        6d7       98%         6
 Simulacrum               Ice/Necr       16%        N/A       99%         6
 Statue Form              Tmut/Erth      18%        N/A       99%         6
 Death Channel            Necr           9%         N/A       100%        6
 Eringya's Noxious Bog    Tmut/Pois      9%         N/A       100%        6
 Orb of Destruction       Conj           26%        9d9       100%        7
 Ozocubu's Refrigeration  Ice            23%        4d12      100%        7
 Ignition                 Fire           9%         3d5       100%        8
 Lehudib's Crystal Spear  Conj/Erth      23%        10d6      100%        8
 Necromutation            Tmut/Necr      9%         N/A       100%        8
 Chain Lightning          Conj/Air       26%        3d34      100%        9
 Fire Storm               Conj/Fire      18%        8d5       100%        9
 Shatter                  Erth           19%        3d18*     100%        9


Dungeon Overview and Level Annotations

Branches:
Dungeon (15/15)            Temple (1/1) D:5            Lair (5/5) D:11
  Swamp (4/4) Lair:3        Snake (4/4) Lair:3        Slime (0/5) Lair:5
    Orc (2/2) D:9             Elf (3/3) Orc:2        Vaults (1/5) D:13
 Depths (0/4) D:15          IceCv (visited)         Volcano (visited)

Altars:
Ashenzari
Cheibriados
Dithmenos
Elyvilon
Fedhas
Gozag
Hepliaklqana
Kikubaaqudgha
Makhleb
Nemelex Xobeh
Okawaru
Qazlal
Ru
Sif Muna
Trog
Uskayaw
Vehumet
Wu Jian
Xom
Yredelemnul
Zin
The Shining One
Beogh
Jiyva

Shops:
D:1 =   D:3 :   D:4 [   D:8 *   Orc:1 ?   Orc:2 ?(([   Elf:2 *   Snake:2 :

Annotations:
D:9 2 transporters and Ettin, pokeman's ghost, novice DEHW
D:12 1 runed translucent door, kairosrom117's ghost, journeyman MiFi
Snake:4 1 runed translucent door, billz999's ghost, adept GnHu
Elf:2 3 runed translucent doors
Elf:3 exclusion: deep elf blademaster


Message History

The ice encasing you melts away.
The ironbound thunderhulk closely misses you.
Your ice beast hits the vault sentinel.
Your ice beast freezes the vault sentinel!!
The vault sentinel dies!
Sif Muna accepts your kill.
Items here: ! )) [ †.
Your lightning spire shoots out a bolt of lightning at the ironbound frostheart!
The bolt of electricity hits the ironbound frostheart!
Your lightning spire's attack snaps the ironbound frostheart out of its fear.
The bolt of electricity hits the ironbound frostheart!
The bolt of electricity hits your lightning spire.
Your lightning spire completely resists.
An ironbound frostheart opens the door.
Strange energies crackle from the ironbound thunderhulk's apparatus.
The ironbound thunderhulk blinks!
Electricity crackles from the ironbound thunderhulk's apparatus.
The bolt of lightning hits you!!!
* * * LOW HITPOINT WARNING * * *
Your lightning spire shoots out a bolt of lightning at the green very ugly thing!
The bolt of electricity misses the green very ugly thing.
Electricity crackles from the ironbound thunderhulk's apparatus.
The bolt of lightning hits you!!
* * * LOW HITPOINT WARNING * * *
There is an open door here.
Okay, then.
Unknown command.
Okay, then.
Unknown command.
You feel better.
The +7 sling of the Valley {freeze, rElec Stlth+} is covered in frost.
b - the +7 sling of the Valley (weapon)
{freeze, rElec Stlth+} Electricity crackles from the ironbound thunderhulk's apparatus.
The bolt of lightning hits you! You resist.
* * * LOW HITPOINT WARNING * * *
You feel better. You block the deep troll's attack.
The deep troll claws you but does no damage. x2
Electricity crackles from the ironbound thunderhulk's apparatus.
The bolt of lightning hits you! You resist.
You die...

######## #......#
#......# #..∩...#
#......# #......#
#.@....#
#T##########
#Y.Y..O....#
#O.)...)..'#
#.....##..8...##.
#..... ##....##
###### #'#### .
#.


You could see an ironbound thunderhulk, a deep troll and a friendly ice beast
(summoned).

Vanquished Creatures
  Vashnia (Snake:4)
  Nikola (Elf:3)
  A tentacled monstrosity (Swamp:4)
  A deep elf master archer (Elf:3)
  Kirke (Swamp:1)
  Donald (Snake:2)
  A nagaraja (Snake:4)
  2 deep elf sorcerers (Elf:3)
  Aizul (Snake:1)
  A deep elf elementalist (Elf:3)
  An eleionoma (Swamp:2)
  2 deep elf demonologists (Elf:3)
  3 deep elf annihilators (Elf:3)
  A bunyip (Swamp:1)
  2 deep elf death magi (Elf:3)
  2 fire dragons
  2 salamander tyrants
  15 hydras
  2 ogre magi (D:15)
  A ghost crab (Swamp:2)
  An anaconda (shapeshifter) (Elf:1)
  A boulder beetle (D:11)
  A centaur warrior (Vaults:1)
  4 anacondas
  A catoblepas (Lair:5)
  A spriggan air mage (Swamp:4)
  5 alligators
  8 naga warriors
  6 two-headed ogres
  3 orc high priests (Orc:2)
  A spriggan berserker (Swamp:4)
  9 death yaks
  Urug (Lair:4)
  7 dancing weapons
  4 naga sharpshooters
  4 deep elf knights
  3 shock serpents
  A salamander mystic (Snake:3)
  3 goliath frogs
  3 spriggan druids
  A naga ritualist (Snake:4)
  4 swamp dragons
  Pikel (D:4)
  2 bog bodies
  7 deep elf zephyrmancers
  A lindwurm (Swamp:4)
  A necromancer (D:12)
  17 deep elf pyromancers
  5 orc knights
  9 deep elf archers
  An ironbound convoker (Vaults:1)
  3 mana vipers
  An oklob plant (Lair:4)
  A cyclops (D:11)
  2 manticores
  2 will-o-the-wisps (Swamp:2)
  3 ugly things
  11 salamanders
  A moth of wrath (shapeshifter) (Elf:1)
  2 guardian serpents (Snake:4)
  6 elephants
  An ice statue (IceCv)
  19 black mambas
  3 naga magi
  2 gargoyles
  A torpor snail (Lair:5)
  9 cane toads
  6 unseen horrors (Elf:3)
  5 rime drakes
  6 komodo dragons
  An efreet (D:15)
  An ice devil (IceCv)
  An anaconda simulacrum (IceCv)
  2 polar bears
  5 meliai (D:15)
  4 tyrant leeches
  A troll (Orc:2)
  4 hornets
  8 blink frogs
  3 centaur simulacra
  6 spriggans
  A shadow (D:10)
  2 water elementals (Elf:1)
  3 wraiths
  2 hogs (D:11)
  Eustachio (D:4)
  A fire bat (Volcano)
  38 yaks
  A nameless horror (Lair:3)
  9 wyverns
  A fire elemental (Elf:1)
  2 steam dragons (Volcano)
  3 death yak simulacra
  4 vampire mosquitoes
  3 wargs
  21 nagas
  8 swamp worms
  2 harpy simulacra (IceCv)
  8 water moccasins
  A hell hound (Lair:1)
  3 swamp drakes (Swamp:4)
  Duvessa (D:4)
  18 orc warriors
  2 black bears (D:5)
  An ice beast (D:6)
  4 ogres
  5 wolves
  7 centaurs
  A phantom (D:5)
  2 lemures (D:3)
  4 kobold brigands
  5 bullfrogs
  An earth elemental (Elf:1)
  2 gnoll sergeants
  A scorpion (D:5)
  3 two-headed ogre simulacra (IceCv)
  6 wights
  Dowan (D:4)
  An elephant simulacrum (IceCv)
  3 killer bees (D:10)
  7 electric eels
  A howler monkey (D:5)
  3 hounds
  2 gnoll boudas (D:10)
  17 orc priests
  4 jellies
  2 iguanas
  19 orc wizards
  Natasha (twice) (D:2)
  A troll simulacrum (IceCv)
  2 yak simulacra (D:12)
  3 spriggan simulacra (IceCv)
  3 polar bear simulacra
  A boggart skeleton (D:15)
  6 wolf simulacra
  Robin (D:2)
  7 gnolls
  3 naga simulacra (IceCv)
  An adder (D:6)
  A shadow imp (D:7)
  5 white imps
  3 ufetubi
  A worm (D:2)
  43 orcs
  4 ball pythons
  3 bats
  7 endoplasms
  A giant cockroach (D:1)
  14 goblins
  3 hobgoblins
  A jackal (D:3)
  5 quokkas (D:3)
  2 frilled lizards
  5 kobolds
  4 rats
  2 river rat simulacra (D:12)
649 creatures vanquished.

Vanquished Creatures (collateral kills)
  Mara (Snake:3)
  A deep elf blademaster (Elf:3)
  A deep elf master archer (Elf:3)
  A fenstrider witch (Swamp:4)
  2 nagarajas
  Roxanne (Swamp:2)
  A deep elf elementalist (Elf:3)
  Louise (Elf:2)
  5 deep elf sorcerers
  An orc warlord (Orc:2)
  4 deep elf demonologists
  3 bunyips
  5 deep elf annihilators (Elf:3)
  Snorg (Lair:4)
  3 deep elf death magi (Elf:3)
  4 fire dragons
  A shambling mangrove (Swamp:2)
  3 hydras
  4 deep elf high priests
  A vault guard (D:13)
  Fannar (Orc:1)
  A salamander tyrant (Snake:3)
  11 two-headed ogres
  2 catoblepae (Lair:5)
  A centaur warrior (D:15)
  2 anacondas
  A spriggan air mage (Swamp:4)
  10 alligators
  An anaconda (shapeshifter) (Elf:1)
  9 dancing weapons
  9 naga warriors
  A boulder beetle (D:12)
  A death knight (D:14)
  5 death yaks
  4 shock serpents
  2 orc high priests (Orc:2)
  A spriggan berserker (Swamp:4)
  3 naga sharpshooters (Snake:4)
  5 deep elf knights
  A fire crab (shapeshifter) (Elf:2)
  2 fire crabs
  4 salamander mystics
  2 naga ritualists (Snake:4)
  7 bog bodies
  A spriggan druid (Swamp:2)
  3 swamp dragons
  10 deep elf pyromancers
  An orange crystal statue (Elf:3)
  A phantasmal warrior (D:14)
  A lindwurm (Swamp:4)
  4 orc knights (Orc:2)
  A necromancer (D:15)
  12 deep elf zephyrmancers
  2 mana vipers (Snake:1)
  2 orc sorcerers
  7 ugly things (D:14)
  A manticore (Lair:5)
  A will-o-the-wisp (Swamp:2)
  A cyclops (D:12)
  17 salamanders
  6 elephants
  A manticore (shapeshifter) (Elf:3)
  3 oklob plants (Lair:5)
  14 black mambas
  A vault sentinel (Vaults:1)
  7 naga magi
  5 guardian serpents
  2 torpor snails (Lair:5)
  3 cane toads (Lair:5)
  An unseen horror (Elf:3)
  An unseen horror (shapeshifter) (Elf:1)
  3 kobold demonologists (D:12)
  8 komodo dragons
  An anaconda simulacrum (IceCv)
  3 rime drakes
  A meliai (D:15)
  2 trolls
  Grinder (D:4)
  7 tyrant leeches
  15 blink frogs
  13 hornets
  A shadow (D:11)
  A water elemental (D:12)
  10 spriggans
  An air elemental (Elf:3)
  42 yaks
  5 hogs
  2 wraiths (D:14)
  A fire bat (Volcano)
  3 basilisks
  2 wyverns (Volcano)
  A fire elemental (Elf:2)
  A human (D:11)
  7 steam dragons
  2 vampire mosquitoes
  A harpy simulacrum (IceCv)
  2 wargs
  28 nagas
  6 swamp worms
  5 water moccasins
  A hell hound (Lair:1)
  4 swamp drakes
  18 orc warriors
  An ice beast (D:6)
  9 ogres
  8 wolves
  6 centaurs
  A phantom (D:4)
  A kobold brigand (D:10)
  4 bullfrogs
  4 two-headed ogre simulacra
  An earth elemental (Elf:1)
  A scorpion (D:6)
  2 cane toad simulacra (IceCv)
  A wight (D:8)
  A killer bee (D:10)
  3 elephant simulacra
  2 howler monkeys (D:12)
  2 electric eels (D:11)
  A nameless horror (Elf:3)
  2 hounds (D:11)
  2 gnoll boudas (D:10)
  18 orc priests
  8 orc wizards
  Natasha (D:2)
  A yak simulacrum (D:12)
  5 spriggan simulacra
  A troll simulacrum (IceCv)
  2 polar bear simulacra (D:12)
  2 wolf simulacra
  12 gnolls
  2 adders
  3 naga simulacra (IceCv)
  2 white imps
  7 ufetubi
  2 worms
  A dart slug (D:4)
  58 orcs
  3 endoplasms
  6 goblins
  3 hobgoblins (D:1)
  A quokka (D:4)
  2 ball pythons
  4 bats
  A frilled lizard (D:1)
  8 kobolds
  3 rats (D:1)
  A fire vortex (Swamp:4)
646 creatures vanquished.

Vanquished Creatures (others)
  An orc warlord (D:9)
  A deep elf death mage (Elf:3)
  An alligator (Swamp:4)
  2 naga warriors
  A death yak (Lair:5)
  A salamander mystic (Snake:3)
  2 naga ritualists (Snake:4)
  A swamp dragon (Swamp:4)
  2 deep elf pyromancers (Elf:1)
  A deep elf zephyrmancer (D:15)
  2 ugly things
  A manticore (Lair:5)
  A centaur zombie (D:15)
  A cane toad (Lair:2)
  4 naga magi
  An anaconda simulacrum (Lair:4)
  2 polar bears
  3 bloated husks
  A hornet (Swamp:4)
  7 yaks
  3 nagas
  3 swamp drakes (Swamp:4)
  An orc warrior (Orc:2)
  2 orcs (Orc:1)
  8 foxfires (Swamp:2)
  39 fungi
  134 plants
226 creatures vanquished.

Grand Total: 1521 creatures vanquished

Notes
Turn   | Place    | Note
-------+----------+-------------------------------------------
     0 | D:1      | Lobster4 the Hill Orc Summoner began the quest for the Orb.
     0 | D:1      | Reached XP level 1. HP: 14/14 MP: 3/3
   107 | D:1      | Found Fuiwn's Jewellery Emporium.
   186 | D:1      | Reached XP level 2. HP: 18/22 MP: 1/4
   192 | D:1      | Learned a level 2 spell: Call Imp
   526 | D:1      | Reached skill level 1 in Fighting
   537 | D:1      | Learned a level 1 spell: Magic Dart
   904 | D:2      | Reached XP level 3. HP: 28/28 MP: 5/5
   927 | D:2      | Noticed Robin
  1250 | D:2      | Killed Robin
  1251 | D:2      | Reached skill level 1 in Armour
  1251 | D:2      | Reached XP level 4. HP: 13/35 MP: 6/6
  1717 | D:2      | Noticed Natasha
  1721 | D:2      | Killed Natasha
  1722 | D:2      | Reached skill level 1 in Axes
  1722 | D:2      | Reached skill level 1 in Maces & Flails
  1882 | D:2      | Noticed Natasha
  1887 | D:2      | Killed Natasha
  1888 | D:2      | Reached skill level 1 in Conjurations
  1888 | D:2      | Reached XP level 5. HP: 30/41 MP: 8/8
  2380 | D:2      | Noticed Natasha
  2388 | D:2      | Killed Natasha
  2683 | D:3      | Found a shimmering altar of Xom.
  2764 | D:3      | Identified the ring of Qiab {rCorr Str+6 Int+3 Slay+2}
  3251 | D:3      | Found Xipn's Book Shoppe.
  3511 | D:4      | Noticed a lemure
  3592 | D:4      | Noticed a lemure
  3648 | D:4      | Noticed Grinder
  3648 | D:4      | Noticed Eustachio
  3649 | D:4      | Noticed Dowan
  3649 | D:4      | Noticed Duvessa
  3714 | D:3      | Killed a lemure
  3717 | D:3      | Killed a lemure
  3818 | D:4      | Learned a level 3 spell: Call Canine Familiar
  3827 | D:3      | Reached XP level 6. HP: 24/50 MP: 9/9
  3933 | D:4      | Noticed Pikel
  3951 | D:4      | Killed Duvessa
  4027 | D:4      | Killed Dowan
  4215 | D:4      | Found a broken altar of Ashenzari.
  4256 | D:4      | Killed Grinder
  4257 | D:4      | Reached skill level 1 in Staves
  4257 | D:4      | Reached XP level 7. HP: 29/57 MP: 10/10
  4361 | D:4      | Killed Eustachio
  4362 | D:4      | Reached skill level 5 in Summonings
  4920 | D:4      | Killed Pikel
  4921 | D:4      | Reached skill level 1 in Evocations
  4921 | D:4      | Reached XP level 8. HP: 26/67 MP: 12/12
  5093 | D:4      | Found an ornate altar of the Wu Jian Council.
  5150 | D:4      | Found Nomeroa's Armour Shop.
  5191 | D:5      | Entered Level 5 of the Dungeon
  5553 | D:5      | Found a blossoming altar of Fedhas.
  5553 | D:5      | Found a glowing silver altar of Zin.
  5606 | D:5      | Reached skill level 5 in Fighting
  5606 | D:5      | Reached skill level 6 in Summonings
  5606 | D:5      | Reached XP level 9. HP: 45/74 MP: 14/14
  5614 | D:5      | Found a staircase to the Ecumenical Temple.
  5621 | Temple   | Entered the Ecumenical Temple
  5788 | Temple   | Became a worshipper of Sif Muna the Loreminder
  6081 | D:5      | Found a stormy altar of Qazlal.
  6247 | D:6      | Reached skill level 1 in Invocations
  6487 | D:6      | Reached skill level 1 in Throwing
  6804 | D:6      | Reached * piety under Sif Muna
  7045 | D:6      | Found a burning altar of Makhleb.
  7118 | D:6      | You fall into a shaft and drop 3 floors!
  7148 | D:9      | Reached skill level 5 in Armour
  7254 | D:9      | Noticed a moth of wrath
  7255 | D:9      | Noticed a troll
  7256 | D:9      | Noticed pokeman's ghost (novice DEHW)
  7258 | D:9      | Noticed a tengu warrior
  7258 | D:9      | Noticed a two-headed ogre
  7288 | D:7      | Reached skill level 1 in Air Magic
  7685 | D:6      | Found an opulent altar of Gozag.
  8234 | D:7      | Found a basalt altar of Yredelemnul.
  8349 | D:7      | Found a sparkling altar of Nemelex Xobeh.
  8519 | D:8      | Found Ynifyq's Assorted Antiques.
  8693 | D:8      | Reached XP level 10. HP: 81/83 MP: 16/16
  8905 | D:8      | Identified the +1 plate armour "Xuerisk" {Int+7}
  9045 | D:8      | Reached ** piety under Sif Muna
  9146 | D:8      | Found a shadowy altar of Dithmenos.
  9332 | D:9      | Found a transporter.
  9345 | D:9      | Found a transporter.
  9366 | D:9      | Reached skill level 7 in Summonings
  9423 | D:9      | Found a bloodstained altar of Trog.
  9499 | D:9      | Noticed a two-headed ogre
  9904 | D:9      | Found a staircase to the Orcish Mines.
  9943 | D:9      | Found a glowing golden altar of the Shining One.
 10202 | D:10     | Entered Level 10 of the Dungeon
 10278 | D:10     | Found a white marble altar of Elyvilon.
 10426 | D:10     | Reached skill level 5 in Invocations
 11092 | D:10     | Reached skill level 5 in Spellcasting
 11289 | D:10     | HP: 4/88 [orc warrior/+0 dire flail (15)]
 11319 | D:10     | Reached *** piety under Sif Muna
 11326 | D:10     | Reached XP level 11. HP: 15/94 MP: 18/18
 11328 | D:10     | Reached skill level 8 in Summonings
 12247 | D:11     | Noticed a cyclops
 12306 | D:11     | Killed a cyclops
 12430 | D:11     | Noticed a boulder beetle
 12539 | D:11     | Found a frozen archway.
 12558 | IceCv    | Entered an ice cave
 12935 | IceCv    | Reached skill level 9 in Summonings
 13166 | IceCv    | Reached **** piety under Sif Muna
 14699 | IceCv    | Noticed a bog body
 14760 | IceCv    | Noticed a bog body
 14765 | IceCv    | Killed a bog body
 14766 | IceCv    | Reached skill level 10 in Fighting
 14988 | IceCv    | Killed a bog body
 15220 | D:11     | Learned a level 3 spell: Summon Guardian Golem
 15225 | D:11     | Learned a level 4 spell: Summon Lightning Spire
 15313 | D:11     | Reached XP level 12. HP: 106/106 MP: 14/22
 15627 | D:11     | Found a staircase to the Lair.
 15774 | D:11     | Reached skill level 1 in Hexes
 16281 | Orc:1    | Entered Level 1 of the Orcish Mines
 16281 | Orc:1    | Noticed an orc warlord
 16281 | Orc:1    | Found Yzicvaus's Magic Scroll Shop.
 16513 | Lair:1   | Entered Level 1 of the Lair of Beasts
 16738 | Lair:1   | Reached ***** piety under Sif Muna
 16743 | Lair:1   | Received a gift from Sif Muna
 16775 | Lair:1   | Reached skill level 10 in Summonings
 17043 | Lair:1   | Found a dark tunnel.
 17075 | Volcano  | Entered a volcano
 17515 | Volcano  | Noticed a two-headed ogre
 17549 | Volcano  | Killed a two-headed ogre
 17988 | Volcano  | Noticed a two-headed ogre
 18023 | Volcano  | Killed a two-headed ogre
 18024 | Volcano  | Reached XP level 13. HP: 116/116 MP: 17/24
 18462 | Volcano  | Noticed a fire dragon
 18477 | Volcano  | Killed a fire dragon
 18478 | Volcano  | Reached skill level 5 in Air Magic
 19666 | Lair:2   | Reached skill level 11 in Summonings
 19850 | Lair:2   | Received a gift from Sif Muna
 20202 | Lair:2   | Learned a level 6 spell: Summon Cactus Giant
 21676 | Lair:3   | Found a staircase to the Swamp.
 21880 | Lair:3   | Reached XP level 14. HP: 127/127 MP: 26/26
 22292 | Lair:3   | Reached skill level 10 in Invocations
 22312 | Lair:3   | Found a staircase to the Snake Pit.
 22529 | Lair:3   | Reached skill level 5 in Conjurations
 23191 | Lair:4   | Reached skill level 12 in Summonings
 23386 | Lair:4   | Noticed Urug
 23397 | Lair:4   | Killed Urug
 23497 | Lair:4   | Received a gift from Sif Muna
 23500 | Lair:4   | Got Zazibaal's Secrets of the Fiery Stinger {god gift}
 23550 | Lair:4   | Reached skill level 10 in Armour
 24058 | Lair:4   | Noticed Snorg
 24071 | Lair:4   | Killed Snorg
 24661 | Lair:4   | Reached skill level 13 in Summonings
 24904 | Lair:5   | Entered Level 5 of the Lair of Beasts
 26506 | Lair:5   | Reached XP level 15. HP: 138/138 MP: 27/27
 26618 | Lair:5   | Reached skill level 14 in Summonings
 26644 | Lair:5   | Reached skill level 5 in Dodging
 26644 | Lair:5   | Received a gift from Sif Muna
 26645 | Lair:5   | Got Sif Muna's Catalogue of Bolts and Attendants {god gift}
 26737 | Lair:5   | Learned a level 4 spell: Animate Armour
 26781 | Lair:5   | Found a viscous altar of Jiyva.
 26783 | Lair:5   | Found a staircase to the Slime Pits.
 26903 | Lair:5   | Identified the +10 spear "Loutaypucw" {spect, Dex+8 SInv}
 26998 | Lair:5   | Reached skill level 1 in Earth Magic
 27155 | Lair:5   | Found a snail-covered altar of Cheibriados.
 27599 | Lair:5   | Reached skill level 1 in Polearms
 27599 | Lair:5   | Reached skill level 1 in Shields
 28233 | D:4      | Bought a +0 pair of boots for 54 gold pieces
 29150 | Orc:1    | Paralysed by an orc sorcerer for 2 turns
 29240 | D:9      | Found a glowing golden altar of the Shining One.
 29476 | D:9      | Killed an orc warlord
 29970 | Orc:2    | Entered Level 2 of the Orcish Mines
 30003 | Orc:2    | Noticed an orc warlord
 30027 | Orc:2    | Killed an orc warlord
 30363 | Orc:2    | Found a roughly hewn altar of Beogh.
 30652 | Orc:2    | Found a staircase to the Elven Halls.
 31082 | Orc:2    | Received a gift from Sif Muna
 31757 | Orc:2    | Reached skill level 15 in Fighting
 31757 | Orc:2    | Reached skill level 15 in Summonings
 32282 | Orc:2    | Found Ridweure's Antique Armour Boutique.
 32283 | Orc:2    | Found Degrie Puefa's Magic Scroll Boutique.
 32283 | Orc:2    | Found Lucu's Weapon Shop.
 32284 | Orc:2    | Found Qiuhiqio's Antique Weapon Boutique.
 32294 | Orc:2    | Bought a shiny buckler for 262 gold pieces
 32307 | Orc:2    | Bought a scroll of blinking for 105 gold pieces
 32307 | Orc:2    | Bought a scroll of blinking for 105 gold pieces
 32307 | Orc:2    | Bought a scroll of fear for 56 gold pieces
 32307 | Orc:2    | Bought a scroll of teleportation for 42 gold pieces
 32307 | Orc:2    | Bought a scroll of summoning for 133 gold pieces
 32307 | Orc:2    | Bought a scroll of magic mapping for 105 gold pieces
 33052 | Orc:1    | Noticed Fannar
 33063 | Orc:1    | Killed Fannar
 33336 | D:9      | Found a transporter.
 33340 | D:9      | Found a bloodstained altar of Trog.
 33340 | D:9      | Found a transporter.
 33968 | Orc:2    | Bought a translucent sling for 188 gold pieces
 33968 | Orc:2    | Identified the +7 sling of the Valley {freeze, rElec
                  | Stlth+} (You bought it in a shop on level 2 of the Orcish
                  | Mines)
 33968 | Orc:2    | Bought a transparent war axe for 246 gold pieces
 33968 | Orc:2    | Identified the +2 war axe "Pongucsi" {venom, +Blink rC+
                  | rCorr SInv} (You bought it in a shop on level 2 of the
                  | Orcish Mines)
 34174 | D:12     | Reached XP level 16. HP: 130/149 MP: 28/28
 34792 | D:12     | Found a runed translucent door.
 34792 | D:12     | Noticed kairosrom117's ghost (journeyman MiFi)
 34792 | D:12     | Identified the +9 spear of Expedience {vorpal, SInv}
 35060 | D:12     | Received a gift from Sif Muna
 35076 | D:12     | Got Sif Muna's Compendium of the Chilled Union {god gift}
 35363 | D:12     | Reached skill level 1 in Ranged Weapons
 36006 | D:13     | Learned a level 4 spell: Summon Ice Beast
 36391 | D:13     | Found a gate to the Vaults.
 37462 | D:14     | Reached skill level 1 in Ice Magic
 38427 | D:15     | Entered Level 15 of the Dungeon
 39049 | D:15     | Identified the +3 halberd of Limua {elec, Will+}
 39269 | D:15     | Found a portal to a secret trove of treasure.
 39524 | D:15     | Found a staircase to the Depths.
 39628 | D:15     | Reached skill level 5 in Shields
 39745 | D:15     | Found an iron altar of Okawaru.
 40053 | Elf:1    | Entered Level 1 of the Elven Halls
 40238 | Elf:1    | Received a gift from Sif Muna
 40487 | Elf:1    | You fall into a shaft and drop 1 floor!
 40639 | Elf:1    | Reached skill level 16 in Summonings
 40797 | Elf:1    | Reached XP level 17. HP: 70/157 MP: 7/29
 41407 | Elf:1    | Got the Writings on Battle Magic
 41970 | Elf:2    | Found Sipitid's General Store.
 42354 | Elf:2    | Bought a scroll of summoning for 180 gold pieces
 42531 | Elf:2    | Identified the +6 bardiche of Pefir {vorpal, Will+ rCorr}
 42531 | Elf:2    | Noticed Louise
 42551 | Elf:2    | Killed Louise
 42783 | Elf:2    | Found a runed translucent gate.
 42783 | Elf:2    | Found a runed translucent gate.
 42789 | Elf:2    | Found a runed translucent gate.
 43293 | Elf:3    | Entered Level 3 of the Elven Halls
 43686 | Elf:3    | Received a gift from Sif Muna
 45350 | Elf:3    | Reached skill level 17 in Summonings
 46518 | Elf:3    | Paralysed by an air elemental for 1 turns
 46522 | Elf:3    | Paralysed by an air elemental for 1 turns
 46833 | Elf:3    | Identified the amulet of Linearity {Faith rCorr Int+3}
 46928 | Elf:3    | Identified the +8 hand axe "Jaotru" {freeze, rElec Int+3}
 47011 | Elf:3    | Noticed a deep elf master archer
 47746 | Elf:3    | Reached XP level 18. HP: 168/168 MP: 26/30
 48006 | Elf:3    | Identified the +0 falchion of Gavuzxai {freeze, Str+2}
 48080 | Elf:3    | Received a gift from Sif Muna
 48081 | Elf:3    | Got Sif Muna's Handbook of Execration {god gift}
 48472 | Elf:3    | Killed a deep elf master archer
 48575 | Elf:3    | Identified the +4 plate armour of Manloz {rF+ rC+ SInv}
 48575 | Elf:3    | Noticed a deep elf master archer
 48894 | Elf:3    | Noticed a deep elf blademaster
 48918 | Elf:3    | Killed a deep elf blademaster
 49085 | Elf:3    | Identified the +2 short sword "Lyseits" {venom, rElec rPois
                  | Str-4 Dex+7}
 49110 | Elf:3    | Noticed a deep elf blademaster
 49625 | Elf:3    | Noticed Nikola
 49647 | Elf:3    | Killed Nikola
 49772 | Elf:3    | Got the Folio of the Volcanoes and Combat Magic
 49789 | Elf:3    | Found the +6 lightning scales {swift, rElec}
 49792 | Elf:3    | Identified the +4 flail of Embarrassment {flame, rCorr}
 49993 | Elf:3    | HP: 6/169 [deep elf master archer/arrow (14)]
 49995 | Elf:3    | Killed a deep elf master archer
 50490 | Snake:1  | Entered Level 1 of the Snake Pit
 50593 | Snake:1  | Reached skill level 18 in Summonings
 50632 | Snake:1  | Noticed Aizul
 50667 | Snake:1  | Killed Aizul
 51193 | Snake:1  | Identified the +1 ring mail of Yfont {+Blink rElec rC-
                  | Str-3}
 51334 | Snake:1  | Identified the +3 cloak of the New World {Int+4}
 52277 | Snake:1  | Identified the +6 trident "Gijy" {venom, rPois Stlth+}
 53113 | Snake:2  | Found Xumitux's Book Shoppe.
 54104 | Snake:2  | Noticed Donald
 54126 | Snake:2  | Killed Donald
 54183 | Snake:2  | Received a gift from Sif Muna
 54184 | Snake:2  | Got Sif Muna's Further Steps in Magic {god gift}
 54188 | Snake:2  | Learned a level 2 spell: Blink
 54470 | Snake:3  | Noticed Mara
 54511 | Snake:3  | Killed Mara
 54767 | Snake:3  | Reached skill level 1 in Translocations
 55333 | Snake:3  | Reached XP level 19. HP: 165/177 MP: 19/32
 56378 | Snake:4  | Entered Level 4 of the Snake Pit
 57037 | Snake:4  | Reached skill level 10 in Shields
 57544 | Snake:4  | Found a runed translucent door.
 57544 | Snake:4  | Noticed billz999's ghost (adept GnHu)
 57717 | Snake:4  | Reached skill level 19 in Summonings
 57945 | Snake:4  | Identified the -2 helmet of a Labyrinth {rPois rN+ Str-2}
 58278 | Snake:4  | Identified the +5 ring mail "Kubruoff" {*Slow Int+3 SInv}
 59053 | Snake:4  | Identified the +4 plate armour of the Wonderful Sturgeon
                  | {rN++ Will- Str+4}
 59127 | Snake:4  | Noticed Vashnia
 59147 | Snake:4  | Reached skill level 10 in Spellcasting
 59613 | Snake:4  | Killed Vashnia
 59614 | Snake:4  | Reached skill level 5 in Ranged Weapons
 59876 | Snake:4  | Got a serpentine rune of Zot
 60756 | Swamp:1  | Entered Level 1 of the Swamp
 61159 | Swamp:1  | Noticed Kirke
 61182 | Swamp:1  | Killed Kirke
 61409 | Swamp:1  | Received a gift from Sif Muna
 62464 | Swamp:2  | Reached XP level 20. HP: 188/188 MP: 26/34
 62820 | Swamp:2  | Identified Roxanne's Treatise on Variation
 62820 | Swamp:2  | Noticed Roxanne
 63258 | Swamp:2  | Reached skill level 5 in Axes
 63399 | Swamp:2  | Killed Roxanne
 64606 | Swamp:4  | Entered Level 4 of the Swamp
 65088 | Swamp:4  | Reached skill level 20 in Summonings
 65287 | Swamp:4  | Received a gift from Sif Muna
 65288 | Swamp:4  | Got Sif Muna's Quarto of Changed Flames {god gift}
 66308 | Swamp:4  | Got a decaying rune of Zot
 66857 | D:15     | You paid a toll of 6 scrolls of fog to enter a treasure
                  | trove
 66858 | Trove    | Entered a treasure trove
 66862 | Trove    | Identified the amulet "Yzaithess" {Faith rC+ SInv}
 66864 | Trove    | Identified the ring of Miytwe {Fire Int+3 Stlth+}
 66866 | Trove    | Identified the amulet of Ofoafuk {Spirit Str+5}
 66868 | Trove    | Identified the amulet "Arpha" {Spirit rPois rCorr Int-4}
 66870 | Trove    | Identified the ring "Gumi" {EV+4 Int+4}
 66874 | Trove    | Identified the ring of Ticiry {rN+ Will+ Int+8}
 66878 | Trove    | Identified the ring "Nuhowaif" {Fire MP+9}
 67006 | Vaults:1 | Entered Level 1 of the Vaults
 67043 | Vaults:1 | HP: 6/189 [ironbound thunderhulk/bolt of lightning (24)]
 67046 | Vaults:1 | HP: 1/189 [ironbound thunderhulk/bolt of lightning (11)]
 67047 | Vaults:1 | Killed from afar by an ironbound thunderhulk

Illustrated notes

Levels and vault maps discovered:
D:1:      eino_arrival_cavern_d, layout_basic, serial_shops, shop
D:2:      layout_basic, uniq_robin, uniq_natasha
D:3:      minmay_octagon_keep, layout_basic, brannock_xom_greatest_gift,
          serial_shops, nicolae_shop_stone, chequers_serial_rivers_marsh
D:4:      layout_cave_pools, mainiacjoe_overflow_boulevard,
          nzn_wu_jian_council_hall, serial_shops, nicolae_shop_crystal,
          uniq_grinder, uniq_eustachio, uniq_pikel, uniq_duvessa
D:5:      layout_gridville, gammafunk_temple_overflow_forgotten,
          minmay_temple_entry_trees
D:6:      layout_loops_ring, lemuel_tele_altar,
          nicolae_gozag_cash_rules_everything_around_me
D:7:      layout_basic, mainiacjoe_overflow_alcove_2, nemelex_dance_club_becter
D:8:      layout_loops_ring, mainiacjoe_overflow_six_doors_small, serial_shops,
          shop, hangedman_decor_growths, minmay_misc_feat_secret_circle,
          hangedman_abyss_or_decor_stagger
D:9:      layout_basic, lemuel_coloured_pillars_altar, orc_0_dummy,
          gammafunk_ghost_wrathful_warriors, palyth_stone_intersect
D:10:     kennysheep_seaside_town, layout_irregular_city,
          mainiacjoe_overflow_24_doors
D:11:     layout_irregular_city, erik_lair_island, portal_ice_cave_rime,
          grunt_livestock
D:12:     layout_basic, ebering_ghost_funeral_grove, eino_house_with_fridge
D:13:     minmay_cut_squares, layout_stronghold, david_vaults_5
D:14:     layout_grid_maze
D:15:     grunt_enter_depths_magical_seal, layout_irregular_city,
          nicolae_trove_entry_crystal, okawaru_gym_becter
Temple:   grunt_temple_mini_profane
Lair:1:   layout_gridlike, enter_volcano_3, serial_bayou_shore_a
Lair:2:   layout_loops_ring, serial_rivers, chequers_serial_rivers_small_b,
          chequers_serial_rivers_micro_e, chequers_serial_rivers_small_3,
          chequers_serial_rivers_micro_a
Lair:3:   layout_cave_pods, skrybe_swamp_entry_bodies, dummy_snake_entry,
          chequers_serial_rivers_micro_b, hangedman_lair_generics_rect
Lair:4:   dreamdust_isle_of_ice, layout_misc_corridors,
          infiniplex_staircase_pool_2, uniq_snorg, uniq_urug
Lair:5:   evilmike_catoblepas_cave, layout_regular_city,
          minmay_slime_entry_oklob_enclosed, minmay_lair_oklob_items,
          kennysheep_snail_temple
Swamp:1:  layout_basic_swamp, serial_swamp_ruin, evilmike_swamp_ruin_house_5,
          hangedman_swamp_ruin_wall, uniq_kirke
Swamp:2:  layout_basic_swamp, evilmike_swamp_ruin_house_1,
          infiniplex_staircase_pool, uniq_roxanne
Swamp:3:  nicolae_swamp_decorative_isthmus, layout_basic_swamp,
          evilmike_swamp_ruin_house_2, swamp_pool4
Swamp:4:  swamp_fiery, layout_basic_swamp
Snake:1:  layout_layer_cave, special_room, fake_guardian_serpent_vault,
          grunt_megastairs_3, nicolae_triple_integral, serial_bayou_shore_b,
          uniq_aizul
Snake:2:  layout_basic, serial_shops, shop, uniq_donald
Snake:3:  layout_onion, grunt_megastairs_5, uniq_mara
Snake:4:  johnstein_snake_rune_scales, layout_cave_town, gammafunk_ghost_grave,
          nicolae_snake_gridmaze_swirls, uniq_vashnia
Orc:1:    layout_caves, serial_shops, shop, uniq_fannar
Orc:2:    st_orc_pillars, layout_diamond_mine, basic_altar
Elf:1:    layout_gridlike, minmay_elf_annihilation
Elf:2:    elven_hall_of_blades_hangedman_original [mumra_blade_entry_bloodbath],
          layout_geoelf_grid, serial_shops, nicolae_stop_n_shop_2, uniq_louise
Elf:3:    grunt_elf_hall_asides, layout_loops_cross, minivault_16,
          due_unseen_surprise, uniq_nikola
Vaults:1: hangedman_vaults_locks, v_alt_pattern_4, vaults_room_stairs_pillars,
          v_pattern_3, hangedman_vaults_nails, nicolae_vaults_inception_corners,
          vaults_room_mumra_shop_pool, nicolae_vaults_specimen_jars,
          vaults_room_door_ring, layout_vaults_omnigrid, serial_shops, shop,
          shop, nicolae_lakefront_shop

Skill      XL: |  1  2  3  4  5  6  7  8  9 10 11 12 13 14 15 16 17 18 19 20 |
---------------+-------------------------------------------------------------+-----
Fighting       | 1 2 3 4 5 6 8 10 11 12 14 15 16 17 18 | 18.8
Stealth        | 2 |  2.0
Armour         | 1 2 3 4 5 6 7 9 10 11 12 | 12.0
Dodging        | 2 3 4 5 6 |  6.0
Axes           | 1 2 3 4 5 |  5.9
Maces & Flails | 1 |  1.5
Spellcasting   | 2 3 4 5 6 7 8 9 10 | 10.0
Conjurations   | 1 2 3 4 5 |  5.0
Staves         | 1 2 |  2.8
Summonings     | 5 6 7 9 10 11 13 15 16 17 18 19 20 | 20.3
Evocations     | 1 2 3 |  3.0
Invocations    | 3 6 7 8 9 10 11 12 | 12.0
Throwing       | 1 |  1.0
Air Magic      | 1 3 4 5 |  5.0
Hexes          | 3 |  3.0
Earth Magic    | 2 3 |  3.0
Polearms       | 3 4 |  4.1
Shields        | 3 5 7 9 10 11 | 11.8
Ranged Weapons | 3 5 6 |  6.0
Ice Magic      | 3 4 |  4.0
Translocations | 1 3 |  3.0

Action                   |  1- 3 |  4- 6 |  7- 9 | 10-12 | 13-15 | 16-18 | 19-21 || total
-------------------------+-------+-------+-------+-------+-------+-------+-------++-------
Melee: Unarmed           |     4 |       |       |       |       |       |       ||     4
       Hand axe          |    27 |       |       |       |       |     5 |     3 ||    35
       Mace              |    25 |    51 |       |       |       |       |       ||    76
       Quarterstaff      |       |    25 |    96 |   308 |   310 |       |       ||   739
       Punch             |       |     1 |       |       |     1 |       |       ||     2
       Staff             |       |       |       |     1 |       |       |       ||     1
       Spear             |       |       |       |       |   153 |   616 |   432 ||  1201
 Fire: Sling             |       |       |       |       |       |    24 |       ||    24
 Cast: Summon Small Mamm |    31 |    31 |    33 |   145 |   200 |    18 |     7 ||   465
       Call Imp          |     6 |    14 |    22 |    69 |   102 |    16 |     5 ||   234
       Magic Dart        |     2 |    17 |       |    12 |    17 |    10 |     4 ||    62
       Call Canine Famil |       |     4 |    24 |    97 |   134 |   129 |    81 ||   469
       Summon Lightning  |       |       |       |     7 |   113 |   107 |    76 ||   303
       Summon Guardian G |       |       |       |       |    19 |    23 |    16 ||    58
       Animate Armour    |       |       |       |       |    32 |   149 |   104 ||   285
       Summon Cactus Gia |       |       |       |       |       |    66 |    61 ||   127
       Summon Ice Beast  |       |       |       |       |       |    92 |    92 ||   184
Invok: Channel Magic     |       |       |       |       |     1 |     1 |       ||     2
Evoke: Wand              |       |       |     1 |    17 |     7 |    13 |     3 ||    41
       Condenser vane    |       |       |       |       |     1 |     1 |       ||     2
  Use: Scroll            |       |     3 |     8 |     5 |    17 |    15 |     3 ||    51
       Potion            |       |     1 |     1 |     3 |     6 |     6 |     3 ||    20
 Stab: Distracted        |       |       |     1 |     2 |    14 |    24 |    22 ||    63
       Sleeping          |       |       |     1 |     1 |       |     1 |       ||     3
       Invisible         |       |       |       |       |       |     1 |       ||     1
Armor: Robe              |    26 |    13 |     6 |       |       |       |       ||    45
       Scale mail        |     8 |    11 |       |       |    91 |   149 |       ||   259
       Skin              |       |    11 |       |       |       |       |       ||    11
       Leather armour    |       |       |    24 |   156 |    93 |       |       ||   273
       Ring mail         |       |       |       |       |       |   104 |   158 ||   262
Dodge: Dodged            |    61 |    44 |    69 |   214 |   375 |   233 |   155 ||  1151
Block: Buckler           |       |       |       |       |    57 |   241 |       ||   298
       Reflection        |       |       |       |       |     8 |    56 |    45 ||   109
       Kite shield       |       |       |       |       |       |   203 |   456 ||   659

Table legend: (Time is in decaauts)
 A = Elapsed time spent in this place.
 B = Non-inter-level travel time spent in this place.
 C = Inter-level travel time spent in this place.
 D = Time resting spent in this place.
 E = Time spent auto-exploring this place.
 F = Levels seen in this place.
 G = Mean time per level.
                   A        B        C        D        E       F      G
               +--------+--------+--------+--------+--------+-----+--------+
         Total |  67666 |  63032 |   4634 |  20431 |  28567 |  38 | 1780.7 |
       Dungeon |  22368 |  19802 |   2566 |   3548 |  12335 |  15 | 1491.2 |
        Temple |    286 |    263 |     23 |      0 |    255 |   1 |  286.0 |
          Lair |  10584 |   9874 |    710 |   3719 |   3991 |   5 | 2116.8 |
         Swamp |   6129 |   5982 |    147 |   1748 |   3166 |   4 | 1532.2 |
     Snake Pit |   9788 |   9339 |    449 |   2614 |   4682 |   4 | 2447.0 |
  Orcish Mines |   4134 |   3785 |    349 |   1437 |   1263 |   2 | 2067.0 |
   Elven Halls |  10096 |   9708 |    388 |   5012 |   2191 |   3 | 3365.3 |
        Vaults |     39 |     39 |      0 |      0 |      0 |   1 |   39.0 |
         Trove |     29 |     29 |      0 |      0 |      0 |   1 |   29.0 |
      Ice Cave |   2675 |   2675 |      0 |   1585 |    419 |   1 | 2675.0 |
       Volcano |   1531 |   1531 |      0 |    767 |    264 |   1 | 1531.0 |
               +--------+--------+--------+--------+--------+-----+--------+

Top non-repeatable levels by time:
   Elf:3: 5249 daAuts
 Snake:4: 3365 daAuts
   Orc:2: 3224 daAuts
     D:9: 2855 daAuts
   Elf:2: 2767 daAuts
  Lair:5: 2699 daAuts
   IceCv: 2675 daAuts
  Lair:3: 2536 daAuts
 Snake:3: 2506 daAuts
 Snake:1: 2288 daAuts
    D:10: 2179 daAuts
  Lair:4: 2169 daAuts
   Elf:1: 2079 daAuts
    D:11: 1961 daAuts
 Swamp:4: 1954 daAuts
